 Dungeon Crawl Stone Soup version 0.30.0-19-g36f170ea60 (webtiles) character file.

Game seed: 2752859148193615081

175 Hubris850 the Covered (level 5, 0/38 (48) HPs)
             Began as an Armataur Fighter on May 24, 2023.
             Slain by an orc
             ... wielding a +0 flail of protection
              (6 damage)
             ... on level 3 of the Dungeon on May 30, 2023.
             The game lasted 00:09:07 (2478 turns).

Hubris850 the Covered (Armataur Fighter)            Turns: 2478, Time: 00:09:08

HP:   0/38 (48)     AC: 12    Str: 23    XL:     5   Next: 29%
MP:   5/5           EV:  6    Int:  9    God:
Gold: 156           SH:  4    Dex:  9    Spells: 4/4 levels left

rFire   . . .        a - +0 flail
rCold   . . .        c - +0 buckler
rNeg    . . .        r - +0 chain mail
rPois   .            f - +1 helmet
rElec   .            g - scarf {+Inv}
rCorr   .            w - +0 pair of gloves
SInv    .            (no barding)
Will    .....        (no amulet) Stlth
                     (no ring)
HPRegen 0.26/turn    (no ring)
MPRegen 0.09/turn

%: roll
@: heavily drained
A: large, rugged brown scales 3, deformed body, armoured tail, roll, long
tongue, awkward tongue
a: Evoke Invisibility


You were on level 3 of the Dungeon.
You visited 1 branch of the dungeon, and saw 5 of its levels.

You collected 156 gold pieces.

Inventory:

Hand Weapons
 a - a +0 flail (weapon)
Missiles
 u - 8 poisoned darts (quivered)
Armour
 b - a +0 scale mail
 c - a +0 buckler (worn)
 f - a +1 helmet (worn)
 g - a scarf of invisibility (worn)
 j - a +0 cloak
 r - a +0 chain mail (worn)
 w - a +0 pair of gloves (worn)
Scrolls
 h - a scroll of fog {unknown}
 l - a scroll of teleportation {unknown}
 m - 2 scrolls of blinking {unknown}
 n - 4 scrolls of identify {unknown}
 o - a scroll of poison {unknown}
 s - a scroll of silence {unknown}
 t - 4 scrolls of enchant weapon {unknown}
 x - a scroll of vulnerability {unknown}
Potions
 d - 2 potions of might
 e - 3 potions of curing
 i - a potion of resistance {unknown}
 k - a potion of invisibility {unknown}
 p - 2 potions of haste {unknown}
 q - a potion of mutation {unknown}
 v - a potion of ambrosia {unknown}


   Skills:
 + Level 3.5 Fighting
 + Level 2.7 Maces & Flails
 + Level 4.6 Armour
 + Level 4.2 Shields
 + Level 1.5 Evocations


You had 4 spell levels left.
You didn't know any spells.
Your spell library contained the following spells:

 Spells                   Type           Power      Damage    Failure   Level
 Summon Guardian Golem    Hex/Summ       0%         N/A       100%        3
 Orb of Destruction       Conj           0%         9d5       100%        7
 Spellforged Servitor     Conj/Summ      0%         N/A       100%        7


Dungeon Overview and Level Annotations

Branches:
Dungeon (5/15)
 Temple: D:4-7

Altars:


Innate Abilities, Weirdness & Mutations

You are completely covered in rugged brown scales. (AC +3, +7% HP)
Armour fits poorly on your strangely shaped body.
You have a long armoured tail.
You roll when moving toward enemies. (Rampage)
Your long tongue fully drains potion bottles. (2x potion effects)
Your tongue gives you trouble enunciating. (1.5x scroll delay)


Message History

Something tries to affect you, but you resist.
The orc hits you with a +0 flail of protection.
The orc barely misses you.
Something unexpectedly blocked you, preventing you from rolling!
You miss something. You block the orc's attack.
Something hits you but does no damage. The orc hits you but does no damage. x2
Something unexpectedly blocked you, preventing you from rolling!
You closely miss something. The orc hits you but does no damage. x2
You hear some strange, mumbled words.
Something tries to affect you, but you resist.
You block the orc's attack.
Something unexpectedly blocked you, preventing you from rolling!
You barely miss something.
Your tail-slap misses something.
The orc hits you but does no damage. x2
You hear some strange, mumbled words.
A puff of flame appears from out of thin air!
The puff of flame misses you. The orc completely misses you.
You block the orc's attack.
The orc hits you with a +0 flail of protection.
* * * LOW HITPOINT WARNING * * *
Something hits you but does no damage. You block the orc's attack.
Something unexpectedly blocked you, preventing you from rolling!
You barely miss something.
Your tail-slap misses something.
The orc hits you but does no damage. Something hits you but does no damage.
The orc hits you but does no damage. x2
Something unexpectedly blocked you, preventing you from rolling!
You barely miss something. You block the orc's attack.
You hear some strange, mumbled words.
A magic dart appears from out of thin air!
The magic dart hits you.
* * * LOW HITPOINT WARNING * * *
The orc hits you but does no damage. You block the orc's attack.
You feel drained.
You fail to use your ability.
The orc hits you but does no damage. x2; Something hits you but does no damage.
You block the orc's attack.
You feel drained.
You fail to use your ability.
The orc hits you with a +0 club.
* * * LOW HITPOINT WARNING * * *
The orc hits you with a +0 flail of protection.
You die...

..# #.# .. #..#
#.##### ... ##..
###.#.?.# #.#
..#.##.......# ##.#
............###
..#### #!..........#
#[...# #...ooo.....#
#.##.###....@{o....#
#........<.####.####
#>##.#####..#
####... ##..# ####..
#... #.# ###.# . #


You could see 4 orcs.

Vanquished Creatures
  An orc priest (D:4)
  An orc wizard (D:4)
  3 adders
  A white imp (D:4)
  A worm (D:1)
  6 orcs (D:4)
  8 bats
  7 endoplasms
  7 goblins
  11 hobgoblins
  3 jackals (D:4)
  4 quokkas
  7 ball pythons
  3 frilled lizards (D:1)
  5 kobolds
  7 rats
75 creatures vanquished.

Notes
Turn   | Place    | Note
-------+----------+-------------------------------------------
     0 | D:1      | Hubris850 the Armataur Fighter began the quest for the Orb.
     0 | D:1      | Reached XP level 1. HP: 19/19 MP: 1/1
   215 | D:1      | Reached XP level 2. HP: 15/26 MP: 2/2
   812 | D:1      | Upgraded the game from 0.30.0-18-gc0e69614cb to
                  | 0.30.0-19-g36f170ea60
   823 | D:1      | Reached XP level 3. HP: 33/33 MP: 3/3
  1364 | D:2      | Reached XP level 4. HP: 40/40 MP: 4/4
  1634 | D:3      | You fall into a shaft and drop 2 floors!
  1634 | D:5      | Entered Level 5 of the Dungeon
  1653 | D:4      | Reached skill level 1 in Evocations
  1710 | D:4      | Reached XP level 5. HP: 39/48 MP: 5/5
  2478 | D:3      | Slain by an orc

Illustrated notes

Levels and vault maps discovered:
D:1:      dpeg_arrival_brainrot, layout_basic, chequers_serial_rivers_room_a,
          dreamdust_princess_corridor, minivault_14, minmay_heptomino_o4
D:2:      layout_rooms, minmay_small_reverse_x
D:3:      layout_rooms, minmay_fractal_squares_5, uniq_grinder, uniq_jessica
D:4:      layout_loops_ring
D:5:      layout_loops_corners, ashenzari_conservatory_becter,
          minmay_temple_entry_tees, serial_bayou_lagoon_b, uniq_edmund,
          uniq_eustachio

Skill      XL: |  1  2  3  4 |
---------------+-------------+-----
Maces & Flails | 2 |  2.7
Fighting       | 3 |  3.5
Armour         | 4 |  4.6
Shields        | 4 |  4.2
Evocations     | 1 |  1.5

Action                     |  1- 3 |  4- 6 || total
---------------------------+-------+-------++-------
  Melee: Flail             |   141 |   121 ||   262
         Tailslap          |     9 |    12 ||    21
 Armour: Scale mail        |    95 |    32 ||   127
         Chain mail        |       |    79 ||    79
  Dodge: Dodged            |    49 |    56 ||   105
  Block: Buckler           |    25 |    43 ||    68
